 Dungeon Crawl Stone Soup version 0.18-a0-46-g45ca8e4 (webtiles) character file.

156 kosy22 the Ducker (level 5, -1/52 HPs)
             Began as a Troll Fighter on Nov 6, 2015.
             Slain by an orc wizard
             ... wielding a +0 dagger
              (2 damage)
             ... on level 4 of the Dungeon.
             The game lasted 00:06:43 (2574 turns).

kosy22 the Ducker (Troll Fighter)                   Turns: 2574, Time: 00:06:43

Health: -1/52      AC:  5    Str: 25    XL:     5   Next: 15%
Magic:  4/4        EV:  8    Int:  4    God:
Gold:   185        SH:  9    Dex:  9    Spells: 0 memorised, 4 levels left

rFire  . . .     SeeInvis .       - Unarmed
rCold  . . .     Clarity  .     a - +0 robe
rNeg   . . .     SustAt   .     b - +0 shield
rPois  .         Gourm    +     (helmet restricted)
rElec  .         Spirit   .     (no cloak)
rCorr  .         Warding  .     (gloves unavailable)
rMut   .         Stasis   .     (boots unavailable)
MR     +....                    p - amulet of faith
Stlth  +.........               (no ring)
                                u - ring of protection from magic

@: lethally poisoned (-1 -> -1), somewhat resistant to hostile enchantments,
very unstealthy
A: unfitting armour, claws 3, fast metabolism 3, gourmand, regeneration 2,
shaggy fur 1, tough skin 2
a: no special abilities


You were on level 4 of the Dungeon.
You were not hungry.

You visited 1 branch of the dungeon, and saw 4 of its levels.

You collected 185 gold pieces.

Inventory:

Missiles
 k - 17 poisoned needles
Armour
 a - a +0 robe (worn)
 b - a +0 shield (worn)
Jewellery
 p - an amulet of faith (around neck)
 u - a ring of protection from magic (left claw)
Scrolls
 e - 2 scrolls of enchant weapon
 h - 2 scrolls of fear
 i - a scroll of remove curse
Potions
 c - a potion of might
 g - a potion of brilliance {unknown}
 j - 2 potions of curing {unknown}
 t - a potion of haste {unknown}
Comestibles
 d - a bread ration
 f - a meat ration
 l - a royal jelly
 m - a beef jerky


   Skills:
 + Level 2.9 Fighting
 + Level 3.5 Dodging
 + Level 0.1 Stealth
 + Level 3.2 Shields
 + Level 2.8 Unarmed Combat


You had 4 spell levels left.
You didn't know any spells.

Dungeon Overview and Level Annotations

Branches:
Dungeon (4/15)
 Temple: D:4-7

Altars:
Okawaru
Ru
Trog
Yredelemnul


Innate Abilities, Weirdness & Mutations

You are too large for most types of armour.
You have claws for hands.
Your metabolism is lightning-fast.
You like to eat raw meat.
You heal very quickly.
You are covered in fur (AC +1).
You have very tough skin (AC +2).


Message History

You block the worker ant's attack. You block the orc's attack.
You miss something.
You feel sick. Something hits you but does no damage.
You block the worker ant's attack. The orc barely misses you.
Something hits you. The worker ant closely misses you.
You barely miss something.
You feel sick. Something hits you.
* * * LOW HITPOINT WARNING * * *
The orc hits you but does no damage. You block the worker ant's attack.
You closely miss something.
You feel sick. You block its attack. The worker ant barely misses you.
You block the orc's attack. Something completely misses you.
You closely miss something.
You feel sick. You block the worker ant's attack. You block the orc's attack.
Something hits you but does no damage.
You scratch something.
You feel sick. The worker ant bites you.
* * * LOW HITPOINT WARNING * * *
You block its attack. The orc hits you.
* * * LOW HITPOINT WARNING * * *
The worker ant bites you.
* * * LOW HITPOINT WARNING * * *
You miss something. Something hits you.
You die...

##.#.###
...... #...#
#...#
######...##
#.........#
#.######..#
#<#.......#
###.#####@#
......o{a....#
#.#..........#
#.........##
##........#
#........#
#.........
##.#.......


You could see a worker ant and an orc.

Vanquished Creatures
  A hound (D:3)
  A worker ant (D:3)
  4 adders
  2 worms
  A giant gecko (D:1)
  3 orcs (D:4)
  9 bats
  3 giant cockroaches
  9 goblins
  7 hobgoblins
  3 jackals (D:1)
  9 kobolds
  A giant newt (D:2)
  8 rats
  5 fungi (D:3)
66 creatures vanquished.

Notes
Turn   | Place    | Note
--------------------------------------------------------------
     0 | D:1      | kosy22 the Troll Fighter began the quest for the Orb.
     0 | D:1      | Reached XP level 1. HP: 22/22 MP: 0/0
   210 | D:1      | Reached XP level 2. HP: 29/29 MP: 1/1
   870 | D:2      | Found a sacrificial altar of Ru.
   881 | D:2      | Reached XP level 3. HP: 34/36 MP: 2/2
   917 | D:2      | Reached skill level 3 in Shields
  1002 | D:2      | Found a basalt altar of Yredelemnul.
  1161 | D:2      | Found an iron altar of Okawaru.
  1168 | D:2      | Found a bloodstained altar of Trog.
  1582 | D:2      | Reached XP level 4. HP: 41/44 MP: 3/3
  2524 | D:3      | Reached XP level 5. HP: 52/52 MP: 4/4
  2573 | D:4      | HP: 1/52 [worker ant (6)]
  2574 | D:4      | Slain by an orc wizard

Vault maps used:
D:1:      sevenhm_arrival_forest_fort_large_4
D:2:      marbit_many_paths, old_standard_altar, nicolae_overflow_hidden_temple
D:3:      minmay_gold_behind_fungi
D:4:      fedhas_altar_fruit_tree, serial_shops, shop, first_bread, uniq_edmund

Action                   |  1- 3 |  4- 6 || total
-------------------------+-------+-------++-------
Melee: Unarmed           |   140 |   118 ||   258
  Use: Scroll            |       |    11 ||    11
  Eat: Chunk             |    17 |       ||    17
       Bread ration      |       |     1 ||     1
